 Dungeon Crawl Stone Soup version 0.28-a0-1374-ga75cb3825e (webtiles) character file.

Game seed: 1628031559111569342

394 Crownlay the Chiller (level 6, -3/44 HPs)
             Began as a Gnoll Ice Elementalist on Dec 31, 2021.
             Was a Follower of Uskayaw.
             Killed from afar by a white imp (10 damage)
             ... with a puff of frost
             ... on level 5 of the Dungeon.
             The game lasted 00:09:16 (4732 turns).

Crownlay the Chiller (Gnoll Ice Elementalist)       Turns: 4732, Time: 00:09:16

Health: -3/44      AC:  2    Str:  8    XL:     6   Next: 81%
Magic:  17/23      EV: 13    Int: 16    God:    Uskayaw [*.....]
Gold:   131        SH:  0    Dex: 12    Spells: 8/15 levels left

rFire   . . .      SeeInvis .   e - +2 short sword (venom)
rCold   . . .      Faith    .   (no shield)
rNeg    . . .      Spirit   .   a - +0 robe
rPois   .          Reflect  .   (no helmet)
rElec   .          Harm     .   (no cloak)
rCorr   .          Rampage  .   (no gloves)
Will    .....                   (no boots)
Stlth   +++.......              (no amulet)
HPRegen 0.14/turn               k - ring of magical power
MPRegen 0.18/turn               (no ring)

@: no status effects
A: fangs 1, strong nose, distributed training
a: Renounce Religion, Stomp


You were on level 5 of the Dungeon.
You worshipped Uskayaw.
Uskayaw was noncommittal.
You visited 2 branches of the dungeon, and saw 6 of its levels.

You collected 131 gold pieces.

Inventory:

Hand Weapons
 e - a +2 short sword of venom (weapon)
Armour
 a - a +0 robe (worn)
Jewellery
 k - a ring of magical power (left hand)
Scrolls
 c - 5 scrolls of identify
 g - a scroll of magic mapping
 h - a scroll of acquirement {unknown}
 i - a scroll of enchant weapon {unknown}
 l - a scroll of holy word {unknown}
 m - a scroll of teleportation {unknown}
 p - 3 scrolls of torment {unknown}
Potions
 b - a potion of flight {unknown}
 d - a potion of invisibility {unknown}
 f - a potion of heal wounds
 j - 2 potions of haste {unknown}
 n - a potion of might {unknown}
 o - a potion of brilliance {unknown}


   Skills:
 + Level 2.1 Fighting
 + Level 2.1 Short Blades
 + Level 2.1 Long Blades
 + Level 2.1 Axes
 + Level 2.1 Maces & Flails
 + Level 2.1 Polearms
 + Level 2.1 Staves
 + Level 2.1 Slings
 + Level 2.1 Bows
 + Level 2.1 Crossbows
 + Level 2.1 Throwing
 + Level 2.1 Armour
 + Level 5.0 Dodging
 + Level 4.7 Stealth
 + Level 2.1 Shields
 + Level 2.1 Unarmed Combat
 + Level 5.4 Spellcasting
 + Level 1.7 Conjurations
 + Level 1.7 Hexes
 + Level 1.7 Summonings
 + Level 1.7 Necromancy
 + Level 1.7 Translocations
 + Level 1.7 Transmutations
 + Level 1.7 Fire Magic
 + Level 7.3 Ice Magic
 + Level 1.7 Air Magic
 + Level 1.7 Earth Magic
 + Level 1.7 Poison Magic
 + Level 2.3 Invocations
 + Level 2.1 Evocations


You had 8 spell levels left.
You knew the following spells:

 Your Spells              Type           Power      Damage    Failure   Level
a - Freeze                Ice            100%       1d11      1%          1
b - Frozen Ramparts       Ice            54%        1d7       2%          3
c - Ozocubu's Armour      Ice            27%        N/A       2%          3

Your spell library contained the following spells:

 Spells                   Type           Power      Damage    Failure   Level
 Hailstorm                Conj/Ice       18%        3d6       22%         4
 Ice Form                 Ice/Tmut       18%        N/A       22%         4
 Simulacrum               Ice/Necr       9%         N/A       98%         6


Dungeon Overview and Level Annotations

Branches:
Dungeon (5/15)             Temple (1/1) D:4

Altars:
Ashenzari
Cheibriados
Elyvilon
Fedhas
Gozag
Hepliaklqana
Makhleb
Nemelex Xobeh
Okawaru
Qazlal
Ru
Sif Muna
Trog
Uskayaw
Vehumet
Wu Jian
Xom
The Shining One

Shops:
D:4 *   D:5 (


Innate Abilities, Weirdness & Mutations

You have very sharp teeth.
Your uncanny sense of smell can sniff out nearby items.
Your experience applies equally to all skills.


Message History

The white imp completely misses you.
Casting: Freeze (safe; 1% risk of failure)
Confirm with . or Enter, or press ? or * to list all spells.
Aiming: Freeze (safe; 1% risk of failure)
Press: ? - help, Shift-Dir - straight line, f/p - white imp
Aim: a white imp (severely wounded)
You freeze the white imp.
The white imp resists.
The white imp is almost dead.
The white imp barely misses you.
Casting: Freeze (safe; 1% risk of failure)
Confirm with . or Enter, or press ? or * to list all spells.
Aiming: Freeze (safe; 1% risk of failure)
Press: ? - help, Shift-Dir - straight line, f/p - white imp
Aim: a white imp (almost dead)
You freeze the white imp but do no damage.
The white imp completely resists.
The white imp gestures at you. The puff of frost hits you!
Casting: Freeze (safe; 1% risk of failure)
Confirm with . or Enter, or press ? or * to list all spells.
Aiming: Freeze (safe; 1% risk of failure)
Press: ? - help, Shift-Dir - straight line, f/p - white imp
Aim: a white imp (almost dead)
You freeze the white imp but do no damage.
The white imp completely resists.
The white imp misses you.
Casting: Freeze (safe; 1% risk of failure)
Confirm with . or Enter, or press ? or * to list all spells.
Aiming: Freeze (safe; 1% risk of failure)
Press: ? - help, Shift-Dir - straight line, f/p - white imp
Aim: a white imp (almost dead)
You freeze the white imp.
The white imp resists.
The white imp is almost dead.
The bullfrog skeleton hits you. The white imp gestures at you.
The puff of frost hits you!
* * * LOW HITPOINT WARNING * * *
The bullfrog skeleton misses you. The white imp gestures at you.
The puff of frost hits you!
You die...

###...#####*** *,,,**,,** ##..##
*******,,, ##...# *,,,
###....### *,,, ##........####
*** *,,, *#............#####
**,** **,,
#..............>..###..,* *,,
*#............?.........,******,
*..............@.5......,,,,,,,,
*#.#.∩...........Z......,,,,,,,,
####..........####.....,,,,,,,,
##.........# **....,,,,,,,* ***
##.......## *,,..#,,,,,,** *,**
##......# **,,,##*,,,,** **,***
#.....## *,,****,,,,** *
*,,,**##....# *,****,,,,** *
**,,,****,,** *****,,,,******


You could see a white imp and a bullfrog skeleton.

Vanquished Creatures
  The ghost of p0werm0de the Chopper, an amateur MiCK of Xom (D:4)
  A scorpion (D:4)
  An iguana (D:4)
  A howler monkey zombie (D:5)
  5 adders
  2 worms (D:2)
  A dart slug (D:1)
  3 orcs
  12 endoplasms
  5 giant cockroaches
  10 goblins
  12 hobgoblins
  6 jackals
  7 kobolds
  4 quokkas
  6 ball pythons
  5 bats
  3 frilled lizards (D:1)
  6 rats
91 creatures vanquished.

Vanquished Creatures (others)
  7 plants (D:3)
7 creatures vanquished.

Grand Total: 98 creatures vanquished

Notes
Turn   | Place    | Note
-------+----------+-------------------------------------------
     0 | D:1      | Crownlay the Gnoll Ice Elementalist began the quest for the
                  | Orb.
     0 | D:1      | Reached XP level 1. HP: 13/13 MP: 6/6
   109 | D:1      | Reached XP level 2. HP: 16/19 MP: 5/7
   648 | D:1      | Reached XP level 3. HP: 25/25 MP: 9/9
   652 | D:1      | Learned a level 3 spell: Frozen Ramparts
   656 | D:1      | Learned a level 3 spell: Ozocubu's Armour
   713 | D:1      | Reached skill level 5 in Spellcasting
   903 | D:1      | Found a faded altar of an unknown god.
  1244 | D:2      | Reached skill level 1 in Invocations
  1299 | D:2      | Found a glowing golden altar of the Shining One.
  1409 | D:2      | Reached skill level 1 in Fighting
  1409 | D:2      | Reached skill level 1 in Short Blades
  1409 | D:2      | Reached skill level 1 in Long Blades
  1409 | D:2      | Reached skill level 1 in Axes
  1409 | D:2      | Reached skill level 1 in Maces & Flails
  1409 | D:2      | Reached skill level 1 in Polearms
  1409 | D:2      | Reached skill level 1 in Staves
  1409 | D:2      | Reached skill level 1 in Slings
  1409 | D:2      | Reached skill level 1 in Bows
  1409 | D:2      | Reached skill level 1 in Crossbows
  1409 | D:2      | Reached skill level 1 in Throwing
  1409 | D:2      | Reached skill level 1 in Armour
  1409 | D:2      | Reached skill level 1 in Shields
  1409 | D:2      | Reached skill level 1 in Unarmed Combat
  1409 | D:2      | Reached skill level 1 in Evocations
  1637 | D:2      | Reached XP level 4. HP: 32/32 MP: 3/11
  2005 | D:3      | Found a hazy altar of Hepliaklqana.
  2421 | D:3      | Reached skill level 1 in Conjurations
  2421 | D:3      | Reached skill level 1 in Hexes
  2421 | D:3      | Reached skill level 1 in Summonings
  2421 | D:3      | Reached skill level 1 in Necromancy
  2421 | D:3      | Reached skill level 1 in Translocations
  2421 | D:3      | Reached skill level 1 in Transmutations
  2421 | D:3      | Reached skill level 1 in Fire Magic
  2421 | D:3      | Reached skill level 1 in Air Magic
  2421 | D:3      | Reached skill level 1 in Earth Magic
  2421 | D:3      | Reached skill level 1 in Poison Magic
  2769 | D:3      | Found an opulent altar of Gozag.
  3211 | D:4      | Reached XP level 5. HP: 31/37 MP: 12/12
  3333 | D:4      | Found a broken altar of Ashenzari.
  3372 | D:4      | Found a staircase to the Ecumenical Temple.
  3391 | Temple   | Entered the Ecumenical Temple
  3500 | Temple   | Became a worshipper of Uskayaw the Reveller
  3541 | D:4      | Found a runed translucent door.
  3551 | D:4      | Noticed p0werm0de's ghost (amateur MiCK)
  3859 | D:4      | Reached * piety under Uskayaw
  3861 | D:4      | Reached ** piety under Uskayaw
  4229 | D:4      | Found Yntoqut's General Store.
  4300 | D:4      | Reached XP level 6. HP: 42/44 MP: 13/13
  4306 | D:4      | Reached *** piety under Uskayaw
  4315 | D:4      | Reached **** piety under Uskayaw
  4320 | D:4      | Killed p0werm0de's ghost
  4321 | D:4      | Reached skill level 5 in Dodging
  4653 | D:5      | Entered Level 5 of the Dungeon
  4688 | D:5      | Found Qaguareo's Antique Weapon Shop.
  4726 | D:5      | HP: 2/44 [white imp (5)]
  4732 | D:5      | Killed from afar by a white imp

Illustrated notes

Levels and vault maps discovered:
D:1:      minmay_arrival_four_houses, layout_basic,
          chequers_ecumenical_altar_island
D:2:      layout_basic, basic_altar
D:3:      wad_crossroads, layout_loops_cross, nicolae_hepliaklqana_hazy_memory,
          mainiacjoe_overflow_brackets
D:4:      layout_basic, ashenzari_conservatory_becter, temple_fountains,
          serial_shops, shop, ebering_ghost_sewer_d
D:5:      layout_cave_pods, enter_ossuary_2, serial_shops, shop,
          nicolae_shop_waterfront, shop, grunt_ministairs_15
Temple:   nicolae_temple_great_sept

Skill      XL: |  1  2  3  4  5  6 |
---------------+-------------------+-----
Spellcasting   | 5 |  5.4
Invocations    | 1 2 |  2.3
Fighting       | 1 2 |  2.1
Short Blades   | 1 2 |  2.1
Long Blades    | 1 2 |  2.1
Axes           | 1 2 |  2.1
Maces & Flails | 1 2 |  2.1
Polearms       | 1 2 |  2.1
Staves         | 1 2 |  2.1
Slings         | 1 2 |  2.1
Bows           | 1 2 |  2.1
Crossbows      | 1 2 |  2.1
Throwing       | 1 2 |  2.1
Armour         | 1 2 |  2.1
Shields        | 1 2 |  2.1
Unarmed Combat | 1 2 |  2.1
Evocations     | 1 2 |  2.1
Conjurations   | 1 |  1.7
Hexes          | 1 |  1.7
Summonings     | 1 |  1.7
Necromancy     | 1 |  1.7
Translocations | 1 |  1.7
Transmutations | 1 |  1.7
Fire Magic     | 1 |  1.7
Air Magic      | 1 |  1.7
Earth Magic    | 1 |  1.7
Poison Magic   | 1 |  1.7
Dodging        | 5 |  5.0
Stealth        | |  4.7
Ice Magic      | |  7.3

Action                   |  1- 3 |  4- 6 || total
-------------------------+-------+-------++-------
Melee: Unarmed           |     4 |       ||     4
       Club              |     1 |       ||     1
       Short sword       |    64 |   159 ||   223
       Bite              |     3 |    18 ||    21
 Cast: Freeze            |     7 |    14 ||    21
       Frozen Ramparts   |     2 |     3 ||     5
       Ozocubu's Armour  |     1 |     2 ||     3
  Use: Scroll            |       |     2 ||     2
       Potion            |       |     1 ||     1
 Stab: Sleeping          |     9 |     8 ||    17
       Paralysed         |       |     1 ||     1
Armor: Robe              |     8 |    18 ||    26
Dodge: Dodged            |    35 |    94 ||   129

Table legend: (Time is in decaauts)
 A = Elapsed time spent in this place.
 B = Non-inter-level travel time spent in this place.
 C = Inter-level travel time spent in this place.
 D = Time resting spent in this place.
 E = Time spent auto-exploring this place.
 F = Levels seen in this place.
 G = Mean time per level.
                   A        B        C        D        E       F      G
               +--------+--------+--------+--------+--------+-----+--------+
         Total |   4748 |   4599 |    149 |      0 |   3846 |   6 |  791.3 |
       Dungeon |   4629 |   4490 |    139 |      0 |   3756 |   5 |  925.8 |
        Temple |    119 |    109 |     10 |      0 |     90 |   1 |  119.0 |
               +--------+--------+--------+--------+--------+-----+--------+

Top non-repeatable levels by time:
     D:4: 1380 daAuts
     D:3: 1240 daAuts
     D:1: 1172 daAuts
     D:2: 783 daAuts
  Temple: 119 daAuts
     D:5: 53 daAuts
